AoeStats
← Manking

Black Forest

508716984Analyzed
2v2 RM · 9d ago on Sep 23, 2026· 51m 41s· 4 players
Game mode
Random Map
Map size
Medium (4 player)
Population
200
Speed
Normal
Resources
Standard
Victory
Conquest
Starting age
Dark Age
Ending age
Imperial Age
RankedLock teamsTeams togetherTeam positionsShared explorationLock speedFull tech treeHidden civsTurbo modeCheats
Victory
Defeat
🇵🇱 Slavs · Poland
946
+18
🇮🇳 Hindustanis · India
945
+18
🇨🇴 Georgians · Colombia
1011
-19
🇨🇴 Goths · Colombia
954
-17
leszard
0:27 Loom
15:27 Feudal Age
16:13 Double-Bit Axe
17:33 Horse Collar
23:01 Castle Age
23:29 Wheelbarrow
24:48 Bow Saw
24:44 Town Watch
25:13 Heavy Plow
26:50 Hand Cart
26:47 Stone Mining
31:32 Gold Mining
32:59 Gold Shaft Mining
32:36 Scale Barding Armor
32:32 Scale Mail Armor
32:42 Forging
35:58 Imperial Age
34:27 Chain Mail Armor
34:33 Chain Barding Armor
34:56 Detinets
37:54 Two-Man Saw
36:34 Elite Boyar
38:14 Crop Rotation
39:02 Conscription
38:24 Pikeman
39:04 Squires
38:44 Onager
41:11 Halberdier
41:53 Druzhina
42:29 Hoardings
41:49 Siege Onager
43:31 Plate Barding Armor
43:26 Plate Mail Armor
43:32 Iron Casting
42:35 Capped Ram
43:30 Caravan
45:43 Siege Ram
47:52 Husbandry
48:03 Bloodlines
48:56 Blast Furnace
MarioLog
0:28 Loom
11:38 Feudal Age
15:00 Double-Bit Axe
20:29 Castle Age
19:54 Horse Collar
21:41 Bow Saw
21:33 Heavy Plow
34:09 Imperial Age
32:19 Wheelbarrow
32:15 Gold Mining
34:28 Gold Shaft Mining
36:42 Two-Man Saw
36:07 Conscription
35:52 Shatagni
35:16 Pikeman
35:56 Squires
36:07 Caravan
37:09 Arson
37:38 Forging
37:29 Scale Mail Armor
37:35 Scale Barding Armor
38:56 Fortified Wall
39:47 Chemistry
39:09 Ballistics
39:00 Masonry
38:46 Murder Holes
40:01 Hoardings
43:59 Heavy Camel Rider
44:40 Husbandry
44:50 Bloodlines
Manking
1:43 Loom
13:29 Feudal Age
14:15 Double-Bit Axe
14:15 Horse Collar
24:41 Castle Age
27:09 Heavy Plow
27:22 Bow Saw
28:18 Scale Mail Armor
28:29 Forging
34:21 Chain Mail Armor
34:32 Squires
34:49 Anarchy
38:24 Imperial Age
37:31 Wheelbarrow
38:33 Iron Casting
41:05 Conscription
42:05 Blast Furnace
41:48 Elite Huskarl
47:46 Perfusion
48:51 Hand Cart
49:22 Pikeman
49:58 Halberdier
Stx.Velez
2:00 Loom
12:22 Feudal Age
17:05 Castle Age
15:15 Double-Bit Axe
15:14 Horse Collar
16:36 Gold Mining
16:41 Stone Mining
20:22 Bow Saw
25:03 Scale Barding Armor
25:09 Forging
25:32 Heavy Plow
26:58 Wheelbarrow
28:02 Chain Barding Armor
27:53 Forging
28:29 Scale Mail Armor
28:25 Town Watch
28:56 Hand Cart
33:08 Imperial Age
31:14 Chain Mail Armor
31:35 Iron Casting
32:04 Iron Casting
31:18 Pikeman
31:58 Squires
31:44 Arson
31:46 Gambesons
34:36 Plate Barding Armor
34:34 Plate Mail Armor
35:04 Blast Furnace
34:43 Halberdier
36:56 Blast Furnace
37:39 Elite Monaspa
41:34 Conscription
44:16 Ballistics
44:57 Chemistry
44:09 Man-at-Arms
46:12 Man-at-Arms
47:09 Long Swordsman
47:46 Two-Handed Swordsman
48:47 Champion
50:46 Bloodlines
50:37 Husbandry
50:24 Cavalier
50:25 Light Cavalry
51:20 Hussar
Connection lost

Rejoining the realm…

Still unreachable

The connection could not be restored.

Session expired

The server has moved on; the page needs a fresh start.